 Dungeon Crawl Stone Soup version 0.20.1-1-g8b1a95d66d (webtiles) character file.

32474 NullDivider the Unseen (level 13, -12/86 HPs)
             Began as an Octopode Artificer on Dec 4, 2017.
             Was a High Priest of Nemelex Xobeh.
             Killed from afar by a rime drake (20 damage)
             ... with a flash freeze
             ... on level 6 of the Lair of Beasts.
             The game lasted 02:22:37 (25673 turns).

NullDivider the Unseen (Octopode Artificer)        Turns: 25673, Time: 02:22:37

Health: -12/86     AC:  1    Str: 14    XL:     13   Next: 64%
Magic:  19/19      EV: 26    Int: 13    God:    Nemelex Xobeh [*****.]
Gold:   308        SH:  0    Dex: 22    Spells: 12/12 levels left

rFire    + . .     SeeInvis .   q - +4 dagger (venom)
rCold    . . .     Gourm    .   (no shield)
rNeg     . . .     Faith    .   (helmet restricted)
rPois    .         Spirit   .   (no amulet)
rElec    .         Reflect  .   (no ring)
rCorr    .         Harm     .   G - +2 ring of strength
MR       .....                  T - +4 ring of evasion
Stlth    ++++++++..             c - ring "Siwkuogh" {Fire Dex+5 Stlth+}
Regen    0.3/turn               J - ring of protection from cold
MPRegen  0.2/turn               (no ring)
                                (no ring)
                                (no ring)

@: no status effects
A: almost no armour, stealthy swim, amphibious, 8 rings, constrict 8, antennae
1, camouflage 1, low mp 1, gelatinous body 1
a: Triple Draw, Deal Four, Stack Five, Renounce Religion


You were on level 6 of the Lair of Beasts.
You worshipped Nemelex Xobeh.
Nemelex Xobeh was extremely pleased with you.
You were not hungry.

You visited 3 branches of the dungeon, and saw 17 of its levels.
You also visited: Volcano.

You collected 1016 gold pieces.
You spent 708 gold pieces at shops.

Inventory:

Hand Weapons
 q - a +4 dagger of venom (weapon)
Jewellery
 c - the ring "Siwkuogh" (on tentacle) {Fire Dex+5 Stlth+}
   (You bought it in a shop on level 5 of the Dungeon)

   [ring of fire]

   It enhances your fire magic.
   It affects your dexterity (+5).
   It protects you from fire.
   It makes you vulnerable to cold.
   It makes you more stealthy.
 y - an uncursed ring of ice
 G - a +2 ring of strength (right tentacle)
 J - a ring of protection from cold (on tentacle)
 T - a +4 ring of evasion (on tentacle)
Wands
 d - a wand of disintegration (14/24)
 e - a wand of iceblast (11/15)
 H - a wand of confusion (24/48)
 I - a wand of enslavement (0/24)
 K - a wand of digging (10/24)
 L - a wand of enslavement (1/24)
Scrolls
 a - 10 scrolls of teleportation
 g - 4 scrolls of blinking
 i - 9 scrolls of remove curse
 o - 4 scrolls of magic mapping
 r - 4 scrolls of recharging
 s - 4 scrolls of fog
 t - a scroll of brand weapon
 B - 3 scrolls of fear
 N - a scroll of immolation {unknown}
 O - a scroll of amnesia {unknown}
 R - 3 scrolls of enchant armour
 W - a scroll of acquirement {unknown}
Potions
 h - 2 potions of might {unknown}
 j - 2 potions of berserk rage {unknown}
 k - 3 potions of brilliance
 p - 2 potions of lignification {unknown}
 u - a potion of mutation
 v - 6 potions of curing
 w - 4 potions of heal wounds
 z - 6 potions of agility
 E - a potion of haste {unknown}
 P - a potion of cancellation {unknown}
 Q - a potion of magic {unknown}
 S - 2 potions of ambrosia {unknown}
Books
 f - a book of Frost

   Spells                             Type                      Level
   a - Freeze                         Ice                          1
   b - Throw Frost                    Conjuration/Ice              2
   c - Ozocubu's Armour               Charms/Ice                   3
   d - Throw Icicle                   Conjuration/Ice              4
   e - Summon Ice Beast               Ice/Summoning                4
 A - a book of Necromancy

   Spells                             Type                      Level
   a - Pain                           Necromancy                   1
   b - Animate Skeleton               Necromancy                   1
   c - Vampiric Draining              Necromancy                   3
   d - Regeneration                   Charms/Necromancy            3
   e - Animate Dead                   Necromancy                   4
   f - Control Undead                 Necromancy                   4
Miscellaneous
 b - a legendary deck of escape
 m - a plain deck of destruction {drawn: 2}
 n - a plain deck of destruction
 C - a plain deck of destruction
 D - a plain deck of destruction
 F - a plain deck of escape {drawn: 1}
Comestibles
 l - 2 bread rations
 x - 5 chunks of flesh
 M - 2 meat rations


   Skills:
 + Level 7.5 Fighting
 + Level 9.8 Short Blades
 + Level 9.9 Dodging
 + Level 15.0 Stealth
 + Level 9.7 Invocations
 + Level 11.0 Evocations


You had 12 spell levels left.
You didn't know any spells.

Dungeon Overview and Level Annotations

Branches:
Dungeon (10/15)            Temple (1/1) D:5            Lair (6/6) D:9
  Swamp (0/4) Lair:4       Spider (0/4) Lair:3        Slime (0/5) Lair:5
    Orc: D:9-12

Altars:
Ashenzari
Cheibriados
Dithmenos
Elyvilon
Fedhas
Gozag
Hepliaklqana
Kikubaaqudgha
Makhleb
Nemelex Xobeh
Okawaru
Qazlal
Ru
Sif Muna
Trog
Uskayaw
Vehumet
Xom
Yredelemnul
Zin
The Shining One

Shops:
D:5 ==[[?   D:9 [=?}

Annotations:
Lair:5 exclusion: 2 oklob plants


Innate Abilities, Weirdness & Mutations

You cannot wear most types of armour.
You are very stealthy in the water. (Stealth+)
You are amphibious.
You can wear up to eight rings at the same time.
You can use your tentacles to constrict eight enemies at once.
Your skin changes colour to match your surroundings (Stealth+).
Your rubbery body absorbs attacks. (AC +1, EV +1)
You have a pair of small antennae on your head.
Your magical capacity is low. (-10% MP)


Message History

You swap places.
The black bear completely misses you. The black bear misses you.
The black bear completely misses you.
You see here a black bear corpse.
The black bear completely misses you. The black bear claws you.
* * * LOW HITPOINT WARNING * * *
The black bear completely misses you.
You feel better. The black bear bites you.
* * * LOW HITPOINT WARNING * * *
The black bear completely misses you. The black bear claws you.
* * * LOW HITPOINT WARNING * * *
The black bear bites your hell hound. The black bear misses your hell hound.
The black bear barely misses your hell hound.
Your hell hound bites the black bear! x2
Your hell hound barely misses the black bear.
The black bear goes berserk!
Your hell hound bites the black bear!
The black bear dies!
The rime drake breathes ice at you. The flash freeze hits you!
You die...
Your body glows slightly and disappears.

# ### .. ####.####
#..#.#...#.###
#............##
#.............##
#.#....#%#....# .
##.##.#.##..# ##. #
#######..### ....
####@#...#....#{
.#..####...#......†.#†hh....
....P#............#.#hh..###
......#..k..#.#.#.##P#....#
......P#†..######## #P#..##
....P...#### #####
.#.......## #.....P..P##
.......P...###


You could see a rime drake.

Vanquished Creatures
  A fire crab (Lair:6)
  A centaur warrior (D:10)
  The ghost of dracomuter the Transmogrifier, a novice DrTm of Makhleb (D:9)
  3 two-headed ogres
  A swamp dragon (Lair:1)
  An ugly thing (D:8)
  7 black mambas
  A torpor snail (Lair:3)
  Maurice (D:10)
  11 spiny frogs
  A rime drake (Lair:3)
  7 komodo dragons
  A yaktaur (Lair:6)
  3 polar bears
  12 blink frogs
  A hornet (Lair:5)
  3 dream sheep (Lair:3)
  10 hippogriffs
  8 yaks
  2 wyverns
  A hungry ghost (D:10)
  2 fire bats (Volcano)
  Menkaure (D:5)
  A warg (Lair:6)
  Edmund (D:6)
  4 hell hounds (Lair:6)
  Duvessa (D:6)
  5 water moccasins
  5 porcupines
  2 orc warriors
  A sky beast (D:10)
  2 ice beasts (D:10)
  A necrophage (D:8)
  A phantom (D:6)
  6 black bears (Lair:6)
  3 ogres
  20 wolves
  9 crocodiles
  3 big kobolds
  28 bullfrogs
  Dowan (D:6)
  5 scorpions
  9 killer bees
  6 wights (D:7)
  A howler monkey (D:5)
  An electric eel (Lair:2)
  4 crimson imps
  2 bullfrog zombies
  3 bullfrog skeletons
  5 hounds
  11 orc priests
  2 iguanas
  9 orc wizards
  A centaur skeleton (D:6)
  Crazy Yiuf (D:3)
  Jessica (D:2)
  Natasha (D:3)
  7 worker ants
  2 hound zombies
  A howler monkey skeleton (D:9)
  4 gnolls (D:9)
  5 adders
  2 shadow imps
  4 oozes
  An adder zombie (D:5)
  An adder skeleton (D:4)
  2 worms
  3 dart slugs
  2 leopard geckos
  40 orcs
  15 giant cockroaches
  11 goblins
  10 hobgoblins
  9 jackals
  5 quokkas
  2 ball pythons
  10 bats
  7 frilled lizards
  2 gnoll zombies (D:5)
  A jackal skeleton (D:6)
  26 kobolds
  A leopard gecko zombie (D:6)
  2 quokka skeletons (D:4)
  9 rats
  2 plants
422 creatures vanquished.

Vanquished Creatures (collateral kills)
  A two-headed ogre (Volcano)
  A salamander (Volcano)
  A black mamba (Lair:5)
  An elephant (Lair:6)
  4 blink frogs
  A dream sheep (Lair:6)
  9 yaks
  A hell hound (Volcano)
  An orc warrior (D:9)
  An ice beast (D:9)
  2 black bears (Lair:6)
  A crocodile (Lair:1)
  A wyvern zombie (D:8)
  A killer bee (D:7)
  4 wights (D:7)
  2 orc wizards
  An ooze (D:6)
  7 orcs
  A giant cockroach (D:6)
41 creatures vanquished.

Vanquished Creatures (others)
  A two-headed ogre (Volcano)
  A death drake (Lair:6)
  A swamp dragon (Lair:6)
  A cyclops (Lair:6)
  3 elephants (Lair:6)
  A jumping spider (Lair:6)
  A wind drake (Lair:6)
  5 dream sheep (Lair:5)
  A hell hound (Lair:6)
  An orc warrior (D:9)
  A black bear (Lair:6)
  A centaur (Volcano)
  An orc wizard (D:8)
  2 orcs (D:8)
  6 fungi
  12 plants
39 creatures vanquished.

Grand Total: 502 creatures vanquished

Notes
Turn   | Place    | Note
-------+----------+-------------------------------------------
     0 | D:1      | NullDivider the Octopode Artificer began the quest for the Orb.
     0 | D:1      | Reached XP level 1. HP: 13/13 MP: 3/3
   359 | D:1      | Reached XP level 2. HP: 17/18 MP: 4/4
   456 | D:1      | Reached skill level 2 in Stealth
   988 | D:1      | Reached XP level 3. HP: 23/23 MP: 5/5
  1429 | D:2      | Reached skill level 3 in Stealth
  1878 | D:2      | Noticed Jessica
  1884 | D:2      | Killed Jessica
  1884 | D:2      | Reached XP level 4. HP: 28/28 MP: 6/6
  2276 | D:2      | Found a shadowy altar of Dithmenos.
  2360 | D:2      | Found an opulent altar of Gozag.
  2586 | D:2      | Found a sacrificial altar of Ru.
  2729 | D:2      | Reached skill level 4 in Stealth
  2803 | D:2      | Found an iron altar of Okawaru.
  2804 | D:2      | Found a bloodstained altar of Trog.
  3119 | D:3      | Reached XP level 5. HP: 33/33 MP: 7/7
  3313 | D:3      | Found a runed door.
  3317 | D:3      | Noticed Crazy Yiuf
  3324 | D:3      | Killed Crazy Yiuf
  3493 | D:3      | Noticed Natasha
  3502 | D:3      | Killed Natasha
  3543 | D:3      | Reached skill level 5 in Stealth
  3895 | D:3      | Reached XP level 6. HP: 38/38 MP: 9/9
  4333 | D:4      | Found a stormy altar of Qazlal.
  4769 | D:5      | Entered Level 5 of the Dungeon
  4813 | D:4      | Reached skill level 6 in Stealth
  5103 | D:5      | Found Zozuybb's Jewellery Emporium.
  5215 | D:5      | HP: 1/38 [poisoned by a worker ant]
  5536 | D:5      | Reached XP level 7. HP: 44/44 MP: 10/10
  5572 | D:5      | Found Kahah's Antique Armour Boutique.
  5665 | D:5      | Found Sixkelo's Antique Armour Emporium.
  5685 | D:5      | Found a staircase to the Ecumenical Temple.
  5715 | D:5      | Found Lucs's Jewellery Shoppe.
  5771 | Temple   | Entered the Ecumenical Temple
  5779 | Temple   | Became a worshipper of Nemelex Xobeh the Trickster
  5794 | Temple   | Received a gift from Nemelex Xobeh
  5925 | D:5      | Noticed Menkaure
  5930 | D:5      | Killed Menkaure
  5930 | D:5      | Reached skill level 7 in Stealth
  5987 | D:5      | Found a basalt altar of Yredelemnul.
  6445 | D:5      | Found Haraw's Magic Scroll Shop.
  6448 | D:5      | Bought a scroll of enchant weapon for 82 gold pieces
  6448 | D:5      | Bought a scroll of magic mapping for 38 gold pieces
  6488 | D:6      | Noticed Edmund
  6495 | D:6      | Killed Edmund
  6495 | D:6      | Reached XP level 8. HP: 51/51 MP: 11/11
  6519 | D:6      | Reached skill level 8 in Stealth
  6519 | D:6      | Reached skill level 5 in Evocations
  6567 | D:6      | Found a shattered altar of Ashenzari.
  6803 | D:6      | Found an ancient bone altar of Kikubaaqudgha.
  6922 | D:6      | Reached skill level 9 in Stealth
  6965 | D:6      | Noticed Duvessa
  6972 | D:6      | Noticed Dowan
  6999 | D:6      | Killed Duvessa
  7009 | D:6      | Your ally died
  7140 | D:6      | Reached * piety under Nemelex Xobeh
  7182 | D:6      | Found a blossoming altar of Fedhas.
  7493 | D:7      | Reached XP level 9. HP: 47/57 MP: 13/13
  7499 | D:7      | Reached skill level 10 in Stealth
  7517 | D:7      | Reached skill level 5 in Dodging
  7749 | D:7      | Received a gift from Nemelex Xobeh
  7770 | D:7      | Got a clouded platinum ring
  7816 | D:7      | Identified the ring of Meviosy {*Tele +Inv Stlth+} (You found it on level 7 of the Dungeon)
  8183 | D:7      | Reached skill level 5 in Short Blades
  8959 | D:8      | Received a gift from Nemelex Xobeh
  8967 | D:8      | Found a deep blue altar of Sif Muna.
  9008 | D:8      | Reached ** piety under Nemelex Xobeh
  9456 | D:8      | Noticed a two-headed ogre
  9485 | D:8      | Killed a two-headed ogre
  9826 | D:8      | Reached skill level 11 in Stealth
 10003 | D:8      | Reached XP level 10. HP: 65/65 MP: 15/15
 10060 | D:8      | Reached skill level 5 in Fighting
 10375 | D:9      | Found Voerhaomp's Jewellery Shop.
 10783 | D:9      | Found a staircase to the Lair.
 10791 | D:9      | Noticed dracomuter's ghost (novice DrTm)
 11094 | D:9      | Received a gift from Nemelex Xobeh
 11097 | D:9      | Noticed a brown ugly thing
 11125 | D:8      | Killed a brown ugly thing
 11131 | D:8      | Gained mutation: You are clumsy. (Dex -2) [mutagenic meat]
 11132 | D:8      | Gained mutation: You have a pair of small antennae on your head. [mutagenic meat]
 11133 | D:8      | Lost mutation: You are clumsy. (Dex -2) [mutagenic meat]
 11299 | D:9      | Found Kainooph's Armour Shop.
 11715 | D:9      | Found Jouwiuts's Magic Scroll Shoppe.
 11737 | D:9      | Received a gift from Nemelex Xobeh
 11920 | D:9      | Found Tuteism's Gadget Boutique.
 12019 | D:9      | Killed dracomuter's ghost
 12197 | D:9      | Reached skill level 12 in Stealth
 12361 | D:10     | Entered Level 10 of the Dungeon
 12361 | D:10     | Reached *** piety under Nemelex Xobeh
 12666 | D:10     | Noticed Maurice
 12669 | D:10     | Killed Maurice
 12736 | D:10     | Reached XP level 11. HP: 58/73 MP: 17/17
 12954 | D:10     | Noticed a centaur warrior
 12991 | D:10     | Killed a centaur warrior
 13228 | D:10     | Received a gift from Nemelex Xobeh
 13286 | D:10     | Gained mutation: Your magical capacity is low. (-10% MP) [mutagenic meat]
 13287 | D:10     | Gained mutation: You evolve. [mutagenic meat]
 13288 | D:10     | Lost mutation: You evolve. [mutagenic meat]
 13482 | Lair:1   | Entered Level 1 of the Lair of Beasts
 13673 | Lair:1   | Reached **** piety under Nemelex Xobeh
 13673 | Lair:1   | Received a gift from Nemelex Xobeh
 14599 | Lair:1   | Reached skill level 1 in Invocations
 15268 | Lair:1   | Reached skill level 13 in Stealth
 15419 | Lair:1   | Received a gift from Nemelex Xobeh
 15633 | Lair:1   | Noticed a swamp dragon
 15636 | Lair:1   | Killed a swamp dragon
 16096 | Lair:1   | Reached XP level 12. HP: 46/81 MP: 17/17
 16440 | Lair:1   | Reached skill level 5 in Invocations
 17186 | Lair:2   | Received a gift from Nemelex Xobeh
 17487 | Lair:2   | Received a gift from Nemelex Xobeh
 17522 | Lair:2   | Reached ***** piety under Nemelex Xobeh
 18362 | Lair:3   | Received a gift from Nemelex Xobeh
 18416 | Lair:3   | Reached skill level 10 in Evocations
 19181 | Lair:3   | Received a gift from Nemelex Xobeh
 19228 | Lair:3   | Found a hole to the Spider Nest.
 19724 | Lair:3   | Reached skill level 14 in Stealth
 20787 | D:5      | Bought the ring "Siwkuogh" {Fire Dex+5 Stlth+} for 588 gold pieces
 21017 | Lair:4   | Found a dark tunnel.
 21027 | Volcano  | Entered a volcano
 21053 | Volcano  | Noticed a two-headed ogre
 21054 | Volcano  | Noticed a two-headed ogre
 21061 | Volcano  | Killed a two-headed ogre
 21126 | Volcano  | Killed a two-headed ogre
 21485 | Volcano  | Noticed a two-headed ogre
 21485 | Volcano  | Noticed a two-headed ogre
 21499 | Volcano  | Killed a two-headed ogre
 21504 | Volcano  | Killed a two-headed ogre
 21781 | Lair:4   | Received a gift from Nemelex Xobeh
 21814 | Lair:4   | Found a staircase to the Swamp.
 21830 | Lair:4   | Reached XP level 13. HP: 62/86 MP: 18/18
 23819 | Lair:5   | Found a shimmering altar of Xom.
 24219 | Lair:5   | Found a staircase to the Slime Pits.
 24896 | Lair:6   | Entered Level 6 of the Lair of Beasts
 24897 | Lair:6   | Received a gift from Nemelex Xobeh
 25643 | Lair:6   | Reached skill level 15 in Stealth
 25663 | Lair:6   | HP: 1/86 [hell hound (12)]
 25673 | Lair:6   | Killed from afar by a rime drake

Skill      XL: |  1  2  3  4  5  6  7  8  9 10 11 12 13 |
---------------+----------------------------------------+-----
Stealth        | 2 3 4 5 6 7 9 11 12 13 14 15 | 15.0
Short Blades   | 2 3 4 6 7 8 9 |  9.8
Evocations     | 4 5 7 8 9 10 11 | 11.0
Dodging        | 3 4 6 7 8 9 |  9.9
Fighting       | 2 3 4 6 7 |  7.5
Invocations    | 4 8 9 |  9.7

Action                   |  1- 3 |  4- 6 |  7- 9 | 10-12 | 13-15 || total
-------------------------+-------+-------+-------+-------+-------++-------
Melee: Dagger            |    80 |   137 |   202 |   604 |   279 ||  1302
       Constrict         |    18 |    35 |    55 |    91 |    34 ||   233
       Short sword       |     1 |       |       |       |       ||     1
       Tentacles         |     9 |    26 |    52 |   157 |    95 ||   339
Evoke: Wand              |       |     8 |    29 |    20 |    16 ||    73
       Deck              |       |       |     9 |    15 |     6 ||    30
  Use: Scroll            |       |     8 |     7 |     8 |     2 ||    25
       Potion            |       |       |     1 |       |     2 ||     3
 Stab: Sleeping          |     7 |    23 |    18 |    28 |     9 ||    85
       Confused          |       |     1 |       |     7 |       ||     8
       Paralysed         |       |     1 |       |       |       ||     1
       Distracted        |       |       |     1 |     8 |     7 ||    16
       Betrayed ally     |       |       |     3 |       |       ||     3
       Petrifying        |       |       |       |     1 |       ||     1
  Eat: Chunk             |     3 |    11 |    14 |    41 |    10 ||    79
       Royal jelly       |       |       |       |     2 |     1 ||     3
Armor: Skin              |     7 |     8 |     1 |     7 |     8 ||    31
Dodge: Dodged            |    50 |    65 |   118 |   382 |   237 ||   852
